AoeStats
← Dingo Ate My Baby!

Arabia

510696233Analyzed
1v1 RM · 12h ago on Oct 2, 2026· 40m 13s· 2 players
Game mode
Random Map
Map size
Tiny (2 player)
Population
200
Speed
Normal
Resources
Standard
Victory
Conquest
Starting age
Dark Age
Ending age
Imperial Age
RankedLock teamsTeams togetherTeam positionsShared explorationLock speedFull tech treeHidden civsTurbo modeCheats
Victory
Defeat
🇦🇷 Spanish · Argentina
1227
+16
🇦🇺 Mongols · Australia
1232
-16
florlu0
8:16 Loom
10:27 Feudal Age
14:50 Castle Age
23:41 Padded Archer Armor
25:41 Double-Bit Axe
35:03 Fletching
35:44 Leather Archer Armor
39:59 Imperial Age
Dingo Ate My Baby!
5:42 Loom
8:18 Feudal Age
8:55 Double-Bit Axe
14:29 Forging
15:33 Scale Barding Armor
19:38 Bloodlines
23:36 Fletching
27:13 Castle Age
28:54 Bodkin Arrow
Connection lost

Rejoining the realm…

Still unreachable

The connection could not be restored.

Session expired

The server has moved on; the page needs a fresh start.